 Dungeon Crawl Stone Soup version 0.27-a0-1586-gd5c625afe7 (webtiles) character file.

Game seed: 17885485485203971983

275 Lemonice the Blocker (level 6, -2/52 HPs)
             Began as a Formicid Abyssal Knight on July 18, 2021.
             Was a Priest of Lugonu.
             Slain by a gnoll (9 damage)
             ... on level 3 of the Dungeon.
             The game lasted 00:07:00 (4686 turns).

Lemonice the Blocker (Formicid Abyssal Knight)      Turns: 4686, Time: 00:07:01

Health: -2/52      AC:  3    Str: 19    XL:     6   Next: 50%
Magic:  7/10       EV: 11    Int: 11    God:    Lugonu [***...]
Gold:   134        SH: 11    Dex: 10    Spells: 5/5 levels left

rFire    . . .     SeeInvis +   a - +1 hand axe
rCold    . . .     Faith    .   g - +0 kite shield
rNeg     . . .     Spirit   .   b - +0 leather armour
rPois    .         Reflect  .   (helmet unavailable)
rElec    .         Harm     .   (no cloak)
rCorr    .         Rampage  .   (no gloves)
Will     .....                  (no boots)
Stlth    +.........             (no amulet)
HPRegen  0.17/turn              (no ring)
MPRegen  0.12/turn              (no ring)

@: no status effects
A: permanent stasis, dig shafts and tunnels, antennae 3, four strong arms
a: Dig, Shaft Self, Renounce Religion, Depart the Abyss, Bend Space, Banish


You were on level 3 of the Dungeon.
You worshipped Lugonu.
Lugonu was most pleased with you.
You visited 1 branch of the dungeon, and saw 3 of its levels.
You visited the Abyss 1 time.

You collected 134 gold pieces.

Inventory:

Hand Weapons
 a - a +1 hand axe (weapon)
Missiles
 f - 6 curare-tipped darts
 h - 116 stones
Armour
 b - a +0 leather armour (worn)
 g - a +0 kite shield (worn)
Scrolls
 c - a scroll of identify
 e - 2 scrolls of blinking {unknown}
Potions
 l - a potion of lignification {unknown}


   Skills:
 + Level 6.2 Fighting
 * Level 7.1 Axes
 + Level 5.9 Armour
 - Level 1.0 Dodging
 * Level 8.1 Shields
 + Level 6.1 Invocations


You had 5 spell levels left.
You didn't know any spells.
Your spell library contained the following spells:

 Spells                   Type           Power      Damage    Failure   Level
 Freeze                   Ice            0%         1d3       43%         1
 Frozen Ramparts          Ice            0%         1d2       82%         3
 Hailstorm                Conj/Ice       0%         3d3       99%         4


Dungeon Overview and Level Annotations

Branches:
Dungeon (3/15)

Altars:
Wu Jian

Shops:
D:2 :


Innate Abilities, Weirdness & Mutations

You cannot be hasted, slowed, berserked, paralysed or teleported.
You can dig through walls and to a lower floor.
You have a pair of large antennae on your head. (SInv)
Your four strong arms can wield two-handed weapons with a shield.


Message History

You barely miss the goblin. You completely miss the hobgoblin.
The gnoll shouts!
You hear a shout!
The hobgoblin barely misses you. The goblin hits you but does no damage.
You block the hobgoblin's attack.
You hit the hobgoblin.
You kill the hobgoblin!
Lugonu accepts your kill.
You hit the goblin.
You kill the goblin!
Lugonu accepts your kill. The gnoll hits you with a +0 club.
Okay, then.
You hit the gnoll but do no damage.
A hobgoblin comes into view. It is wielding a +0 club.
The gnoll misses you.
The hobgoblin moves out of view.
You closely miss the gnoll. The gnoll hits you with a +0 club.
* * * LOW HITPOINT WARNING * * *
You hit the gnoll.
The gnoll is moderately wounded.
The gnoll hits you but does no damage. The gnoll barely misses you.
You barely miss the gnoll.
The gnoll is moderately wounded.
The gnoll hits you with a +0 club.
* * * LOW HITPOINT WARNING * * *
It was a potion of experience.
You feel more experienced!
Your Fighting skill gained 3 levels and is now at level 6!
Your Axes skill gained 4 levels and is now at level 7!
Your Armour skill gained 2 levels and is now at level 5!
Your Shields skill gained 6 levels and is now at level 8!
Your Invocations skill gained 4 levels and is now at level 6!
You have reached level 6!
Your experience leads to an increase in your attributes!
Increase (S)trength, (I)ntelligence, or (D)exterity?
You feel stronger. You block the gnoll's attack.
Press: ? - help, Shift-Dir - straight line, f - gnoll
Aim: a gnoll, wielding a +0 club (moderately wounded, chance to affect: 89%)
You fail to use your ability.
The gnoll hits you with a +0 club!
You die...

........#. #....# .......' #....#
{ ......#########....##### {
#..........#......#... g.
#..........'......'..
....########.)).......#......#
#..g........†.)#########....##
#.............gg)......#.†..#{ {
#.............{#@......#....#
#########################''######
#≈≈≈≈≈≈≈≈≈≈≈≈≈≈≈≈≈≈≈≈≈≈.....≈≈≈≈≈
≈≈≈≈≈≈≈≈≈≈≈≈≈≈≈≈≈≈≈≈≈≈≈.....≈≈≈≈≈
≈≈≈≈≈≈≈≈≈≈≈≈≈≈≈≈≈≈≈≈≈≈≈......≈≈≈≈
.≈.≈≈≈≈≈≈≈≈≈≈≈≈≈..≈..≈≈≈....≈≈≈≈≈
.................................
.........).......).....).........
.#.#####.##########..###.#####...


You could see a gnoll and a hobgoblin.

Vanquished Creatures
  Robin (D:2)
  A gnoll (D:3)
  A worm (D:3)
  11 orcs (D:3)
  3 endoplasms
  2 giant cockroaches
  16 goblins
  18 hobgoblins
  6 jackals (D:2)
  4 quokkas
  7 ball pythons
  3 bats
  8 frilled lizards
  6 kobolds
  8 rats
95 creatures vanquished.

Notes
Turn   | Place    | Note
-------+----------+-------------------------------------------
     0 | Abyss:1  | Lemonice the Formicid Abyssal Knight began the quest for
                  | the Orb.
     0 | Abyss:1  | Reached XP level 1. HP: 18/18 MP: 2/2
    70 | Abyss:1  | Noticed a thrashing horror
    72 | D:1      | Escaped the Abyss
   432 | D:1      | Reached skill level 1 in Dodging
   586 | D:1      | Reached XP level 2. HP: 24/24 MP: 3/3
   775 | D:1      | Reached * piety under Lugonu
   945 | D:1      | Found a faded altar of an unknown god.
  1307 | D:2      | Reached XP level 3. HP: 29/29 MP: 4/4
  1335 | D:2      | Noticed Robin
  1380 | D:1      | Reached skill level 1 in Shields
  2136 | D:2      | Killed Robin
  2137 | D:2      | Reached XP level 4. HP: 13/37 MP: 4/6
  2781 | D:2      | Found Kiodees's Book Emporium.
  3047 | D:3      | Found an ornate altar of the Wu Jian Council.
  3074 | D:3      | Reached skill level 2 in Shields
  3089 | D:3      | Reached ** piety under Lugonu
  3808 | D:3      | Reached XP level 5. HP: 20/42 MP: 7/7
  4670 | D:3      | Reached *** piety under Lugonu
  4673 | D:3      | HP: 1/42 [hobgoblin (5)]
  4685 | D:3      | Reached skill level 5 in Armour
  4685 | D:3      | Reached skill level 8 in Shields
  4685 | D:3      | Reached XP level 6. HP: 7/52 MP: 7/10
  4686 | D:3      | Slain by a gnoll

Illustrated notes

Levels and vault maps discovered:
D:1:      dpeg_arrival_castle, layout_basic, ebering_ecumenical_altar_webs
D:2:      layout_loops_corners, serial_shops, nicolae_shop_stone, uniq_robin
D:3:      minmay_goblin_kobold_castle, layout_basic,
          lemuel_coloured_pillars_altar, kennysheep_another_room,
          minmay_misc_feat_alley

Skill      XL: |  1  2  3  4  5 |
---------------+----------------+-----
Dodging        | 1 |  1.0
Shields        | 1 2 8 |  8.1
Armour         | 5 |  5.9
Axes           | 7 |  7.1
Fighting       | 6 |  6.2
Invocations    | 6 |  6.1

Action                   |  1- 3 |  4- 6 || total
-------------------------+-------+-------++-------
Melee: Hand axe          |   114 |   169 ||   283
Invok: Depart the Abyss  |     1 |       ||     1
  Use: Scroll            |       |     2 ||     2
       Potion            |       |     3 ||     3
Armor: Leather armour    |    30 |    49 ||    79
Dodge: Dodged            |    61 |    80 ||   141
Block: Kite shield       |    40 |    93 ||   133

Table legend: (Time is in decaauts)
 A = Elapsed time spent in this place.
 B = Non-inter-level travel time spent in this place.
 C = Inter-level travel time spent in this place.
 D = Time resting spent in this place.
 E = Time spent auto-exploring this place.
 F = Levels seen in this place.
 G = Mean time per level.
                   A        B        C        D        E       F      G
               +--------+--------+--------+--------+--------+-----+--------+
         Total |   4797 |   4770 |     27 |      0 |   3765 |   4 | 1199.2 |
       Dungeon |   4723 |   4696 |     27 |      0 |   3765 |   3 | 1574.3 |
         Abyss |     73 |     73 |      0 |      0 |      0 |   1 |   73.0 |
               +--------+--------+--------+--------+--------+-----+--------+

Top non-repeatable levels by time:
     D:3: 1775 daAuts
     D:1: 1480 daAuts
     D:2: 1467 daAuts
 Abyss:1: 73 daAuts
